Cogmind - Beta 12 @@@ ROGUE MODE // 2023.04.06 @ 16:20:53 Player: ZLD1 Result: Self-destructed Performance ------------- Evolutions (2) 1000 Regions Visited (6) 1200 Robots Destroyed (37) 185 Value Destroyed (963) 963 Prototype IDs (24) 480 Alien Tech Used (0) 0 Bonus (300) 300 TOTAL SCORE: 4128 Bonus ------- Aligned with FarCom 300 Cogmind --------- Core Integrity 333/550 Matter 295/300 Energy 100/100 System Corruption 0% Temperature Cool (0) Movement Walking (120) Location -8/Materials Parts ------- > --- POWER (1) -------- (None) > --- PROPULSION (3) --- Aluminum Leg Aluminum Leg Improved Aluminum Leg > --- UTILITY (5) ------ Structural Scanner Improved Sensor Array Seismic Detector Hacking Suite > --- WEAPON (2) ------- Heavy Particle Gun Makeshift Shrapnel Gun > --- INVENTORY (5) ---- Light Ion Engine Light Nuclear Core Improved Aluminum Leg Improved Terrain Scanner Skeleton Box Peak State ------------ > --- POWER ------------ Light Nuclear Core > --- PROPULSION ------- Aluminum Leg Aluminum Leg Improved Aluminum Leg > --- UTILITY ---------- Small Storage Unit Structural Scanner Improved Sensor Array Seismic Detector Hacking Suite > --- WEAPON ----------- Heavy Particle Gun Minigun > --- INVENTORY -------- Light Ion Engine Light Nuclear Core Light Nuclear Core Improved Aluminum Leg Improved Terrain Scanner Skeleton Box Heavy Assault Rifle Makeshift Shrapnel Gun [Rating: 25] Favorites ----------- Power Light Ion Engine Engine Light Ion Engine Power Core Light Nuclear Core Propulsion Aluminum Leg Leg Aluminum Leg Utility Small Storage Unit Device Seismic Detector Storage Small Storage Unit Hackware Hacking Suite Weapon Particle Gun Energy Gun Particle Gun Energy Cannon Heavy Particle Cannon Ballistic Gun Minigun Build | -11 -10 -9 -9 -9 -8 -8 ------- Run | Jun Mat Mat Min Exi Min Mat Slots Evolved 4 | . . 2 . . . 2 Power . | . . . . . . . Propulsion 1 | . . . . . . 1 Utility 3 | . . 2 . . . 1 Weapon . | . . . . . . . Parts Attached 39 | 7 . 8 8 1 . 15 Power 5 | 1 . . 1 . . 3 Engine 2 | 1 . . 1 . . . Core 3 | . . . . . . 3 Reactor . | . . . . . . . Propulsion 12 | 2 . 2 2 1 . 5 Treads . | . . . . . . . Leg 12 | 2 . 2 2 1 . 5 Wheel . | . . . . . . . Hover . | . . . . . . . Flight . | . . . . . . . Utility 9 | 2 . 4 2 . . 1 Device 7 | 1 . 3 2 . . 1 Storage 1 | 1 . . . . . . Processor . | . . . . . . . Hackware 1 | . . 1 . . . . Protection . | . . . . . . . Artifact . | . . . . . . . Weapon 13 | 2 . 2 3 . . 6 Energy Gun 5 | 1 . . 3 . . 1 Energy Cannon 2 | . . 1 . . . 1 Ballistic Gun 6 | 1 . 1 . . . 4 Ballistic Cannon . | . . . . . . . Launcher . | . . . . . . . Special Weapon . | . . . . . . . Impact Weapon . | . . . . . . . Slashing Weapon . | . . . . . . . Piercing Weapon . | . . . . . . . Special Melee Weapon . | . . . . . . . Unidentified Prototypes 1 | . . . . . . 1 Parts Lost 14 | . . 2 4 . . 8 Power 2 | . . . . . . 2 Propulsion 5 | . . . 1 . . 4 Utility 4 | . . 2 1 . . 1 Weapon 3 | . . . 2 . . 1 Highest Loss Streak 4 | . . 2 4 . . 3 To Critical Strikes . | . . . . . . . Average Slot Usage (%) 92 | . 100 86 96 100 100 89 Engine 6 | . 14 11 11 11 11 1 Core 3 | . . . . . . 7 Leg 20 | . 28 22 21 22 22 18 Device 23 | . 14 19 19 22 22 26 Storage 10 | . 14 11 11 11 11 8 Hackware 8 | . . . 11 11 11 9 Energy Gun 9 | . 14 . 20 22 22 2 Energy Cannon 4 | . . 10 . . . 7 Ballistic Gun 5 | . 14 11 . . . 7 Naked Turns . | . . . . . . . Heaviest Build 22 | 11 11 15 16 16 16 22 Greatest Support 33 | 20 20 20 20 20 20 33 Greatest Overweight (x) 3 | 1 . . 1 . . 3 Average Overweight (x) . | . . . . . . . Largest Inventory Capacity 8 | 8 8 8 8 8 8 8 Average Capacity 7 | 7 8 8 8 8 8 7 Most Carried 8 | 5 4 8 8 8 8 8 Average Carried 7 | 1 3 5 7 7 8 7 Final Capacity 8 | 8 8 8 8 8 8 5 Final Carried 8 | 3 4 6 8 8 8 5 Class Distribution -------------------- 38% | Scavenger-Skirmisher 37% | Scavenger-Mutant 23% | Mutant Dominant Class ---------------- Mutant | -10/Materials Mutant | -9/Materials Scavenger-Mutant | -9/Mines Scavenger-Mutant | -9/Exiles Scavenger-Mutant | -8/Mines Scavenger-Skirmisher | -8/Materials Resources | -11 -10 -9 -9 -9 -8 -8 ----------- Run | Jun Mat Mat Min Exi Min Mat Matter Collected 731 | 249 . 146 130 . 10 196 Remotely . | . . . . . . . Salvage Created 1254 | 143 . 407 220 . . 484 Parts 77 | 12 . 25 18 . . 22 Haulers Intercepted . | . . . . . . . Recyclers Shooed 1 | . . . . . . 1 Parts Field Recycled . | . . . . . . . Retrieved Matter . | . . . . . . . Parts Self-Destructed . | . . . . . . . Prevented . | . . . . . . . Kills | -11 -10 -9 -9 -9 -8 -8 ------- Run | Jun Mat Mat Min Exi Min Mat Combat Hostiles Destroyed 26 | . . 10 7 . . 9 Guns 17 | . . 5 6 . . 6 Cannons 8 | . . 4 1 . . 3 Classes Destroyed 9 | 2 . 6 . . . 1 Worker 1 | . . 1 . . . . Tunneler 7 | 4 . . 3 . . . Recycler 1 | 1 . . . . . . Operator 1 | . . 1 . . . . Watcher 1 | . . 1 . . . . Swarmer 8 | . . 4 4 . . . Grunt 11 | . . 4 3 . . 4 Duelist 1 | . . . . . . 1 Sentry 6 | . . 2 . . . 4 Best Kill Streak 4 | 2 . 3 4 . . 3 Combat Bots Only 4 | . . 3 4 . . 3 Max Kills in Single Turn 1 | 1 . 1 1 . . 1 Gunslinging . | . . . . . . . Exploded . | . . . . . . . Melee . | . . . . . . . Uniques/NPCs Destroyed . | . . . . . . . Combat | -11 -10 -9 -9 -9 -8 -8 -------- Run | Jun Mat Mat Min Exi Min Mat Damage Taken 2019 | . . 573 349 . . 1097 Core 408 | . . 138 53 . . 217 Absorbed by Shields . | . . . . . . . Core Remaining (%) 84 | 100 100 . . . 52 . Volleys Fired 107 | 17 3 31 23 . . 33 Largest 2 | 2 2 2 2 . . 2 Hottest 131 | 60 60 80 121 . . 131 Shots Fired 198 | 34 6 62 40 . . 56 Gun 145 | 34 6 31 37 . . 37 Cannon 53 | . . 31 3 . . 19 Launcher . | . . . . . . . Special . | . . . . . . . Kinetic 79 | 17 3 31 7 . . 21 Thermal 119 | 17 3 31 33 . . 35 Explosive . | . . . . . . . Electromagnetic . | . . . . . . . Robot Hit Streak 17 | 5 1 17 9 . . 9 Robot Miss Streak 4 | 2 3 4 2 . . 2 Penetration Max . | . . . . . . . Secondary Targets 4 | . . . 4 . . . Max Gunslinging Chain 1 | . . . 1 . . . Shots Hit Robots 137 | 23 1 46 27 . . 40 Core Hits 58 | 8 . 20 13 . . 17 Critical Kills 2 | . . 1 . . . 1 Critical Parts Destroyed . | . . . . . . . Critical Strikes 3 | . . 1 1 . . 1 Burn 1 | . . . 1 . . . Meltdown 1 | . . 1 . . . . Destroy 1 | . . . . . . 1 Melee Attacks . | . . . . . . . Impact . | . . . . . . . Slashing . | . . . . . . . Piercing . | . . . . . . . Sneak Attacks . | . . . . . . . Combat Hostiles . | . . . . . . . Follow-up Attacks . | . . . . . . . Damage Inflicted 2123 | 228 7 736 377 . . 775 Guns 1307 | 228 7 265 359 . . 448 Cannons 813 | . . 471 17 . . 325 Explosions . | . . . . . . . Melee . | . . . . . . . Ramming 3 | . . . 1 . . 2 Kinetic 648 | 96 7 265 59 . . 221 Thermal 1472 | 132 . 471 317 . . 552 Explosive . | . . . . . . . Electromagnetic . | . . . . . . . Impact . | . . . . . . . Slashing . | . . . . . . . Piercing . | . . . . . . . Highest Corruption . | . . . . . . . Average Corruption . | . . . . . . . Corruption Purged . | . . . . . . . Corruption Blocked . | . . . . . . . Overload Shots . | . . . . . . . Overflow Damage 13 | . . 13 . . . . Projectiles 13 | . . 13 . . . . Explosions . | . . . . . . . Melee . | . . . . . . . Knockbacks . | . . . . . . . Impact . | . . . . . . . Kinetic . | . . . . . . . Secondary . | . . . . . . . Self-Inflicted Damage 1 | . . . . . . 1 Shots . | . . . . . . . Rammed 1 | . . . . . . 1 Targets Rammed 3 | . . . 2 . . 1 Kicked 2 | . . . 2 . . . Crushed . | . . . . . . . Highest Temperature 311 | 40 20 171 54 . . 311 Average Temperature 70 | 17 13 81 23 . . 92 Received Heat Transfer 732 | . . 231 123 . . 378 Siege Activations . | . . . . . . . Robots Corrupted . | . . . . . . . Combat Hostiles . | . . . . . . . Parts Fried . | . . . . . . . Impact Corruptions . | . . . . . . . Robots Melted 1 | . . 1 . . . . Combat Hostiles 1 | . . 1 . . . . Parts Melted 11 | . . 3 3 . . 5 Heat Transferred 3113 | 300 . 999 852 . . 962 Parts Sabotaged . | . . . . . . . Parts Stolen . | . . . . . . . Parts Stripped . | . . . . . . . Power Chain Reactions . | . . . . . . . Missiles Intercepted . | . . . . . . . Alert | -11 -10 -9 -9 -9 -8 -8 ------- Run | Jun Mat Mat Min Exi Min Mat Peak Influence 269 | 25 16 269 239 . . 219 Initial 104 | . 16 6 104 . . . Average 82 | 13 16 150 158 . . 55 Maximum Alert Level 1 | . . 1 1 . . 1 Low Security (%) 78 | 100 100 45 63 . 100 87 Level 1 21 | . . 54 36 . . 12 Level 2 . | . . . . . . . Level 3 . | . . . . . . . Level 4 . | . . . . . . . Level 5 . | . . . . . . . High Security . | . . . . . . . Max Security . | . . . . . . . Squads Dispatched 2 | . . . . . . 2 Investigation . | . . . . . . . Extermination . | . . . . . . . Reinforcement 2 | . . . . . . 2 Assault . | . . . . . . . Garrison . | . . . . . . . Intercept . | . . . . . . . Searches Triggered . | . . . . . . . Construction Impeded . | . . . . . . . Haulers Reinforced . | . . . . . . . Active Scanning Responses . | . . . . . . . Cargo Convoy Interrupts . | . . . . . . . Stealth | -11 -10 -9 -9 -9 -8 -8 --------- Run | Jun Mat Mat Min Exi Min Mat Distress Signals 3 | . . 2 . . . 1 Communications Jammed . | . . . . . . . Distress Signals . | . . . . . . . Times Spotted 38 | . 2 15 7 . . 14 Peak Tracking Total 6 | . 3 5 4 . . 6 Tactical Retreats 6 | . . . . . . 6 Traps | -11 -10 -9 -9 -9 -8 -8 ------- Run | Jun Mat Mat Min Exi Min Mat Traps Triggered . | . . . . . . . Indirectly . | . . . . . . . Trap Hack Attempts . | . . . . . . . Triggered . | . . . . . . . Disarmed . | . . . . . . . Reprogrammed . | . . . . . . . Reused . | . . . . . . . Traps Extracted . | . . . . . . . Installed . | . . . . . . . Triggered . | . . . . . . . Machines | -11 -10 -9 -9 -9 -8 -8 ---------- Run | Jun Mat Mat Min Exi Min Mat Machines Disabled 1 | . . . . . . 1 Max in Single Turn 1 | . . . . . . 1 Machines Repaired . | . . . . . . . Machines Sabotaged . | . . . . . . . Overloaded Fab Kills . | . . . . . . . Hacking | -11 -10 -9 -9 -9 -8 -8 --------- Run | Jun Mat Mat Min Exi Min Mat Machines Accessed 4 | . . 1 . 1 . 2 Terminals 3 | . . 1 . . . 2 Fabricators . | . . . . . . . Repair Stations . | . . . . . . . Recycling Units . | . . . . . . . Scanalyzers . | . . . . . . . Garrison Access . | . . . . . . . Total Hacks 5 | . . 1 . 1 . 3 Successful 4 | . . 1 . 1 . 2 Failed 1 | . . . . . . 1 Catastrophic . | . . . . . . . Database Lockouts . | . . . . . . . Manual 1 | . . . . 1 . . Terminals 4 | . . 1 . . . 3 Fabricators . | . . . . . . . Repair Stations . | . . . . . . . Recycling Units . | . . . . . . . Scanalyzers . | . . . . . . . Garrison Access . | . . . . . . . Terminal Hacks 4 | . . 1 . 1 . 2 Zone Layout 3 | . . 1 . . . 2 EX-Prototype ID Bank 1 | . . . . 1 . . Fabricator Hacks . | . . . . . . . Repair Station Hacks . | . . . . . . . Recycling Unit Hacks . | . . . . . . . Scanalyzer . | . . . . . . . Garrison Access Hacks . | . . . . . . . Unauthorized Hacks . | . . . . . . . Terminals . | . . . . . . . Fabricators . | . . . . . . . Repair Stations . | . . . . . . . Recycling Units . | . . . . . . . Scanalyzers . | . . . . . . . Garrison Access . | . . . . . . . Data Cores Recovered 1 | . . 1 . . . . Used . | . . . . . . . Hacking Detections 1 | . . 1 . . . . Full Trace Events . | . . . . . . . Feedback Events . | . . . . . . . Feedback Blocked . | . . . . . . . Robot Schematics Acquired . | . . . . . . . Robots Built . | . . . . . . . Authchips . | . . . . . . . Time . | . . . . . . . Total Robot Build Rating . | . . . . . . . Part Schematics Acquired . | . . . . . . . Parts Built . | . . . . . . . Authchips . | . . . . . . . Time . | . . . . . . . Total Part Build Rating . | . . . . . . . Parts Repaired . | . . . . . . . Time . | . . . . . . . Parts Recycled . | . . . . . . . Recycled Matter . | . . . . . . . Retrieved Matter . | . . . . . . . Retrieved Components . | . . . . . . . Parts Scanalyzed . | . . . . . . . Part Schematics Acquired . | . . . . . . . Parts Damaged . | . . . . . . . Bothacking | -11 -10 -9 -9 -9 -8 -8 ------------ Run | Jun Mat Mat Min Exi Min Mat Used RIF Installer . | . . . . . . . Robots Hacked . | . . . . . . . Non-combat . | . . . . . . . Combat . | . . . . . . . Robot Hacks Applied . | . . . . . . . Relay Couplers Released . | . . . . . . . Fabnet Peak Effective % . | . . . . . . . Robots Rewired . | . . . . . . . Allies Hacked . | . . . . . . . Hacks Repelled . | . . . . . . . Allies | -11 -10 -9 -9 -9 -8 -8 -------- Run | Jun Mat Mat Min Exi Min Mat Total Allies 1 | . . . 1 . . . Largest Group 1 | . . . 1 1 . . Highest-Rated Group 31 | . . . 31 31 . . Highest-Rated Ally 31 | . . . 31 31 . . Total Orders . | . . . . . . . Ally Attacks . | . . . . . . . Total Damage . | . . . . . . . Kills . | . . . . . . . Allies Corrupted . | . . . . . . . Allies Melted . | . . . . . . . Intel | -11 -10 -9 -9 -9 -8 -8 ------- Run | Jun Mat Mat Min Exi Min Mat Robot Analysis Total . | . . . . . . . Derelict Logs Recovered 2 | . . . 2 . . . Drone Launches . | . . . . . . . Drone Recoveries . | . . . . . . . Exploration | -11 -10 -9 -9 -9 -8 -8 ------------- Run | Jun Mat Mat Min Exi Min Mat Turns Passed 2850 | 193 112 383 484 384 128 1166 Spaces Moved 1629 | 117 86 203 331 318 107 467 Core 20 | 17 . . . . . 3 Treads . | . . . . . . . Legs 1609 | 100 86 203 331 318 107 464 Wheels . | . . . . . . . Hover . | . . . . . . . Flight . | . . . . . . . Fastest Speed 50 | 50 120 120 120 120 120 120 Average Speed 130 | 110 120 120 120 120 120 158 Slowest Speed 200 | 120 120 120 190 120 120 200 Overloaded Moves . | . . . . . . . Propulsion Burnouts . | . . . . . . . Robots Hopped . | . . . . . . . Cave-ins Triggered . | . . . . . . . Exploration Rate (%) 31 | 6 24 23 43 58 30 33 Regions Visited 6 Branch Regions 3 Pre-discovered Areas . | . . . . . . . Known Exits Taken . | . . . . . . . Unknown Exits Taken 6 | 1 1 1 1 1 1 . Scrap Searched 3 | . . . 2 . 1 . Spaces Dug . | . . . . . . . Terrain Destroyed 5 | . . . . . . 5 Melee . | . . . . . . . Projectile 5 | . . . . . . 5 AOE . | . . . . . . . Terrain Rammed . | . . . . . . . Walls Destroyed . | . . . . . . . Machines Disabled . | . . . . . . . Actions | -11 -10 -9 -9 -9 -8 -8 --------- Run | Jun Mat Mat Min Exi Min Mat Total 2154 | 149 89 282 375 320 106 833 Wait 343 | . . 31 3 . . 309 Move 1623 | 116 85 202 330 317 106 467 Hop . | . . . . . . . Pick Up 26 | 9 1 7 6 1 . 2 Fast Attach 14 | 1 . 1 2 . . 10 Attach 17 | 6 . 5 4 . . 2 Detach . | . . . . . . . Swap 8 | . . 2 2 1 . 3 Drop 13 | . . 3 3 1 . 6 Fire 107 | 17 3 31 23 . . 33 Melee . | . . . . . . . Ram 1 | . . . . . . 1 Kick 2 | . . . 2 . . . Crush . | . . . . . . . Escape Stasis . | . . . . . . . Rewire . | . . . . . . . Trap . | . . . . . . . Miscellaneous . | . . . . . . . Route ------- -11/Junkyard -10/Materials -9/Materials (discovered 2 exits: [*Min] / [Sto]) -9/Mines -9/Exiles -8/Mines -8/Materials (discovered 1 exit: Fac) History --------- Turn | Location | Event 9 | -11/Junkyard | Discovered new exit (range 16) 194 | -11/Junkyard | Entered Materials 291 | -10/Materials | Discovered new exit (range 10) 306 | -10/Materials | Entered another Materials area 306 | -9/Materials | Evolved 2 slots: Utility x2 309 | -9/Materials | Build established: Mutant 377 | -9/Materials | Discovered new exit (range 17) 616 | -9/Materials | Discovered new exit (range 7) 689 | -9/Materials | Entered Mines 746 | -9/Mines | Lost 4 parts (1n1u2w) 783 | -9/Mines | Learned 2 Materials zone layouts 831 | -9/Mines | A weapon hastily lodged in a ceiling crevice suddenly fell to the ground 845 | -9/Mines | Learned location of 1 exit from Lower Caves 968 | -9/Mines | Build established: Scavenger-Mutant 1067 | -9/Mines | Received a Mining Laser from a helpful Derelict 1168 | -9/Mines | Deemed a non-threat by the Exiles lab entrance 1168 | -9/Mines | Discovered new exit (range 5) 1173 | -9/Mines | Entered Exiles 1173 | -9/Exiles | Accompanied by 1 ally 1206 | -9/Exiles | Met 8R-AWN 1224 | -9/Exiles | Met EX-HEX 1256 | -9/Exiles | Met EX-BIN 1271 | -9/Exiles | Aligned with FarCom system 1272 | -9/Exiles | Given EX-Vault access code 1299 | -9/Exiles | Opened EX-Vault 1310 | -9/Exiles | Found Skeleton Box 1335 | -9/Exiles | Warned to stay clear of 0b10 Research branches 1406 | -9/Exiles | Met EX-DEC 1544 | -9/Exiles | Discovered new exit (range 14) 1557 | -9/Exiles | Left Exiles lab with Skeleton Box 1557 | -9/Exiles | Entered Mines 1676 | -8/Mines | Discovered new exit (range 8) 1685 | -8/Mines | Entered Materials 1685 | -8/Materials | Evolved 2 slots: Propulsion x1, Utility x1 1686 | -8/Materials | Identified exit to Factory 2126 | -8/Materials | Build established: Scavenger-Skirmisher 2851 | -8/Materials | Self-destructed Last Messages --------------- 02799_ Acquired Lgt. Nuclear Core. 02804_ Acquired Minigun. 02811_ Acquired Aluminum Leg. 02826_ K-01 Serf collects debris. 02828_ Heat Sink melted. 02828_ Y-45 Defender destroyed. 02830_ K-01 Serf collects debris. 02832_ Acquired 59 matter. 02833_ K-01 Serf collects debris. 02834_ Acquired Imp. Aluminum Leg. 02836_ K-01 Serf collects debris. 02837_ Dropped Lgt. Nuclear Core. 02838_ K-01 Serf collects debris. 02840_ Acquired 25 matter. 02845_ K-01 Serf collects debris. 02846_ Penetrated by Slug. 02846_ Sml. Storage Unit destroyed. 02848_ Minigun destroyed. 02849_ Acquired Mak. Shrapnel Gun. 02850_ Lgt. Nuclear Core destroyed. Map ----- +----------------------------------------------------+ | | | | | | | | | | | | | | | ?????????????????????????????????????????????????? | | ?????????????????????????????????????????????????? | | ?????????????????????????????????????????????????? | | ?????????????????????????????????????????????????? | | ?????????????????##########???????????????????#### | | ?????????????????##########???????????????????#### | | ?????????????????## ####################### | | ?????????????????## ####################### | | ?????????????????## # u % | | ?????????????????## # ##################### | | ?????????????????## + ## ! ########### | | ?????????????????## # ## ##???????#### | | ?????????????????######### ## """ ##???????## | | ????????????????? # k%#[""""" ##???????## | | ??????????????????????? # +%""""" ##???????## | | ??????????????????????? # kk#*= """ ##???????## | | ??????????????????????? # %#! """ ##???????## | | ???????????w??????????? # % # ##???????## | | ??????????????????????? #@ # ##???????##+# | | ??????????????????????? #%[ ###########???????## # | | ??????????????s???????? #* #################### # | | ??????????????????????? # #################### # | | ?????????????s????????? # a # """ # ## # | | ???????????????s??????? # # """"" + """ ## # | | ???????????????????????## # """"" # """ # | | ???????????????????????## # """"" # """ # | | ???????????????????????## # """ # + | | ???????????????????????## # # """ # | | ???????????????????????## + # """ # | | ???????????????????????## # # """ # | | ???????????????????????## # # # | | ???????????????????????## ############+###### | | ???????????????????????## ## # ###### | | ???????????????????????## ##???????? # ##??## | | ???????????????????????# #???????? # ##??## | | ??????????????????????? ?????????? # ##??## | | ?????????????????????? ?H??????????? # ##??## | | ???????????????????? ????????????? # ######### | | ????????????????????#### ????????????? # ######### | | ????????????????????#####?????????? # # # | | ???????????????????????????????????##+## #[ ! # | | ???????????????????????????????????## # / | | ???????????????????????????????????## + ! ! # | +----------------------------------------------------+ Best States ------------- Heat Dissipation 42 Energy Generation 14 Energy Capacity 160 Matter Stores 300 Matter Capacity 300 Sight Range 16 Robot Scan Range 15 Terrain Scan Density 10 Evasion (%) 55 Offensive Hacking 10 Item Schematics ----------------- None Robot Schematics ------------------ None Fabricated ------------ Nothing Alien Tech Used ----------------- None Achievements -------------- None Challenges ------------ None Game ------ Seed PortableSapperCycler Manual? 0 Play Time 00:21:06 Cumulative 25.6 hours Start 2023.04.06 @ 15:39:25 End 2023.04.06 @ 16:20:53 Sessions 1 Manual Loads 0 Difficulty Rogue Special Mode None Game No. 59 Rogue 59 Adventurer 0 Explorer 0 Win Type - Total 0 Types 0/0/0/0/0/0/0/0/0 Lore% 24 Gallery% 32 Achievement% 24 Wizard Run 0 Options --------- ASCII 0 Keyboard 0 Movement Mouse Keybinds 0 Fullscreen 1 Font 24/Smallcaps Map View 64x52 Tactical HUD 1 Map Filters NONE Filters NONE Steam 1 RUN: 3cbf4642-3e81-426f-a70d-de6bca2aca61